 Dungeon Crawl Stone Soup version 0.29-a0-330-g52719c12eb (webtiles) character file.

Game seed: 11625094346218589567

2592 HoaS the Archer (level 9, 0/48 HPs)
             Began as a Gargoyle Hunter on May 17, 2022.
             Was a Believer of Cheibriados.
             Slain by a gargoyle
             ... wielding a +0 mace
              (12 damage)
             ... on level 7 of the Dungeon.
             The game lasted 00:17:21 (7169 turns).

HoaS the Archer (Gargoyle Hunter)                   Turns: 7169, Time: 00:17:21

Health: 0/48       AC: 15    Str: 22    XL:     9   Next: 58%
Magic:  8/10       EV: 11    Int: 15    God:    Cheibriados [**....]
Gold:   376        SH:  5    Dex: 23    Spells: 8/8 levels left

rFire   . . .      SeeInvis .   a - +2 shortbow
rCold   . . .      Faith    .   (shield currently unavailable)
rNeg    + . .      Spirit   .   d - +0 ring mail
rPois   ∞          Reflect  +   h - +2 helmet
rElec   +          Harm     .   k - +0 cloak
rCorr   .          Rampage  .   (no gloves)
Will    .....                   (no boots)
Stlth   ++........              f - amulet of reflection
HPRegen 0.16/turn               (no ring)
MPRegen 0.12/turn               (no ring)

@: studying Fighting, very slow
A: sickness immunity, AC +6, negative energy resistance 1, electricity
resistance, torment resistance 1, petrification resistance
a: Renounce Religion, Bend Time


You were on level 7 of the Dungeon.
You worshipped Cheibriados.
Cheibriados was pleased with you.
You visited 2 branches of the dungeon, and saw 8 of its levels.

You collected 376 gold pieces.

Inventory:

Hand Weapons
 a - a +2 shortbow (weapon)
Missiles
 m - a throwing net
Armour
 d - a +0 ring mail (worn)
 h - a +2 helmet (worn)
 k - a +0 cloak (worn)
Jewellery
 f - an amulet of reflection (around neck)
 n - a ring of fire
 t - an amulet of guardian spirit
Wands
 l - a wand of mindburst (12)
Scrolls
 c - 2 scrolls of immolation
 o - 2 scrolls of magic mapping
 p - 2 scrolls of fear
 r - a scroll of teleportation
Potions
 b - a potion of haste
 e - 2 potions of curing
 g - a potion of mutation
 i - 2 potions of lignification
 j - a potion of resistance {unknown}
 q - a potion of might
 s - a potion of berserk rage
 u - 2 potions of heal wounds
 v - a potion of cancellation


   Skills:
 - Level 2.1 Fighting
 * Level 13.1 Bows
 - Level 1.5 Dodging
 - Level 1.1 Stealth
 + Level 1.9 Invocations


You had 8 spell levels left.
You didn't know any spells.
Your spell library contained the following spells:

 Spells                   Type           Power      Damage    Failure   Level
 Corpse Rot               Necr/Air       0%         N/A       54%         2
 Ensorcelled Hibernation  Hex/Ice        0%         N/A       54%         2
 Passwall                 Tmut/Erth      0%         N/A       54%         2
 Poisonous Vapours        Pois/Air       0%         N/A       54%         2
 Swiftness                Air            0%         N/A       78%         3
 Tukima's Dance           Hex            0%         N/A       78%         3
 Anguish                  Hex/Necr       0%         N/A       99%         4
 Enfeeble                 Hex            0%         N/A       100%        7


Dungeon Overview and Level Annotations

Branches:
Dungeon (7/15)             Temple (1/1) D:4

Altars:
Ashenzari
Cheibriados
Dithmenos
Elyvilon
Fedhas
Gozag
Hepliaklqana
Kikubaaqudgha
Makhleb
Nemelex Xobeh
Okawaru
Qazlal
Ru
Sif Muna
Trog
Uskayaw
Vehumet
Wu Jian
Xom
Yredelemnul
Zin
The Shining One

Shops:
D:1 (   D:7 :


Innate Abilities, Weirdness & Mutations

You are immune to sickness and miasma.
Your stone body is resilient. (AC +6)
You are immune to poison.
You resist negative energy. (rN+)
You are resistant to electric shocks. (rElec)
You are resistant to unholy torment.
You are immune to petrification.


Message History

The stone arrow hits you. The flow of time bends around you.
You shoot an arrow. The arrow hits the gargoyle.
The gargoyle is moderately damaged.
You shoot an arrow.
The arrow hits the gargoyle but does no damage.
The gargoyle is moderately damaged.
The gargoyle hurls a stone arrow at you.
The stone arrow hits you.
You shoot an arrow. The arrow hits the gargoyle.
The gargoyle is moderately damaged.
You shoot an arrow.
The arrow hits the gargoyle but does no damage.
The gargoyle is moderately damaged.
The gargoyle hits you with a +0 mace.
You shoot an arrow.
The arrow hits the gargoyle but does no damage.
The gargoyle is moderately damaged.
The gargoyle hits you with a +0 mace.
You shoot an arrow.
The arrow hits the gargoyle but does no damage.
The gargoyle is moderately damaged.
The gargoyle hurls a stone arrow at you.
The stone arrow hits you!!
Ouch! That really hurt!
* * * LOW HITPOINT WARNING * * *
You are too injured to fight recklessly!
You are too injured to fight recklessly!
You are too injured to fight recklessly!
You are too injured to fight recklessly!
You are too injured to fight recklessly!
You are too injured to fight recklessly!
Shoot: a) +2 shortbow
Press: ? - help, Q - select action, (/) - cycle Shift-Dir - straight line, f/p - gargoyle
Aim: a gargoyle, wielding a +0 mace (moderately damaged, 82% to hit)
You shoot an arrow.
The arrow hits the gargoyle but does no damage.
The gargoyle is moderately damaged.
The gargoyle hits you with a +0 mace!
You die...

### ### #.# ♣♣.♣♣#.#
#♣.≈.♣#.##
♣♣♣♣♣♣♣♣♣♣♣♣#.≈≈≈.#..#
......9@...♣#.≈≈≈.#..#
.♣♣♣♣♣♣♣♣♣.♣#.≈≈≈.#..#
♣.♣#.≈≈≈.#..#
♣.♣#♣≈≈≈♣#..###
♣....≈≈≈....##.
♣.♣#♣≈≈≈♣#..##.
♣.♣#.≈≈≈.#.....
♣.♣#.≈≈≈.#.....
♣.♣#.≈≈≈.#.....


You could see a gargoyle.

Vanquished Creatures
  A kobold demonologist (D:6)
  2 water moccasins
  A sky beast (D:6)
  An ice beast (D:7)
  2 ogres
  2 black bears
  2 kobold brigands (D:6)
  3 scorpions
  A necrophage (D:6)
  5 wights (D:6)
  2 hounds
  4 jellies
  2 gnoll shamans
  6 orc priests
  4 iguanas
  5 orc wizards
  6 adders
  8 gnolls
  3 white imps
  A worm (D:2)
  A dart slug (D:4)
  17 orcs
  8 bats
  4 endoplasms
  7 giant cockroaches
  14 hobgoblins
  3 jackals (D:2)
  16 kobolds
  3 quokkas
  2 ball pythons (D:4)
  6 frilled lizards
  9 goblins
  4 rats
155 creatures vanquished.

Notes
Turn   | Place    | Note
-------+----------+-------------------------------------------
     0 | D:1      | HoaS the Gargoyle Hunter began the quest for the Orb.
     0 | D:1      | Reached XP level 1. HP: 12/12 MP: 1/1
   281 | D:1      | Found Emiexih's Weapon Emporium.
   308 | D:1      | Reached XP level 2. HP: 17/17 MP: 2/2
   727 | D:2      | Reached XP level 3. HP: 21/21 MP: 3/3
   739 | D:2      | Reached skill level 5 in Bows
   789 | D:2      | Reached XP level 4. HP: 26/26 MP: 4/4
   873 | D:2      | Found a faded altar of an unknown god.
  1452 | D:3      | Reached skill level 6 in Bows
  1614 | D:3      | Reached XP level 5. HP: 30/30 MP: 5/5
  2446 | D:4      | Noticed a black bear
  2467 | D:3      | Killed a black bear
  2468 | D:3      | Reached skill level 7 in Bows
  2468 | D:3      | Reached XP level 6. HP: 35/35 MP: 6/6
  2798 | D:4      | Found a staircase to the Ecumenical Temple.
  2808 | Temple   | Entered the Ecumenical Temple
  3252 | Temple   | Became a worshipper of Cheibriados the Contemplative
  3403 | D:4      | Reached skill level 8 in Bows
  3548 | D:4      | Reached XP level 7. HP: 39/40 MP: 7/7
  3994 | D:5      | Entered Level 5 of the Dungeon
  4247 | D:4      | Reached skill level 9 in Bows
  4732 | D:4      | Reached * piety under Cheibriados
  5327 | D:5      | Reached XP level 8. HP: 44/44 MP: 8/8
  5409 | D:5      | Reached skill level 10 in Bows
  5725 | D:5      | Found a burning altar of Makhleb.
  6054 | D:6      | Reached skill level 11 in Bows
  6086 | D:6      | Reached ** piety under Cheibriados
  6348 | D:6      | Noticed a kobold demonologist
  6359 | D:6      | Reached XP level 9. HP: 48/48 MP: 9/9
  6369 | D:6      | Killed a kobold demonologist
  6370 | D:6      | Reached skill level 12 in Bows
  6588 | D:6      | Identified a scroll of acquirement
  6588 | D:6      | Acquired a manual of Fighting
  6916 | D:7      | Reached skill level 1 in Invocations
  6926 | D:7      | Reached skill level 13 in Bows
  6950 | D:7      | Found Hupuecza's Book Boutique.
  7156 | D:7      | Noticed a gargoyle
  7169 | D:7      | Slain by a gargoyle

Illustrated notes

Levels and vault maps discovered:
D:1:      tarquinn_simple_flora_water_e, layout_rooms, serial_shops, shop,
          minmay_pentomino_u2
D:2:      kennysheep_big_flooded_room, layout_rooms, basic_ecumenical_altar,
          st_stairs_13
D:3:      layout_loops_corners, minmay_goblin_outpost
D:4:      layout_loops_ring, minmay_temple_entry_offerings, bh_walls_and_bars
D:5:      layout_rooms, old_standard_altar
D:6:      layout_rooms, grunt_ministairs_3
D:7:      nzn_winding_woodlands_cross [nzn_winding_woodlands_5x15_sidewinder,
          nzn_winding_woodlands_5x15_twine,
          nzn_winding_woodlands_5x15_split_checker,
          nzn_winding_woodlands_5x15_river_crossing,
          nzn_winding_woodlands_15x15_boxy_spiral], layout_gridville,
          serial_shops, nicolae_shop_hallway_stairs
Temple:   mainiacjoe_temple_trianglar_array

Skill      XL: |  1  2  3  4  5  6  7  8  9 |
---------------+----------------------------+-----
Bows           | 5 6 7 8 9 11 13 | 13.1
Invocations    | 1 |  1.9
Fighting       | |  2.1
Dodging        | |  1.5
Stealth        | |  1.1

Action                   |  1- 3 |  4- 6 |  7- 9 || total
-------------------------+-------+-------+-------++-------
Melee: Shortbow          |       |       |     1 ||     1
 Fire: Shortbow          |    99 |   170 |   363 ||   632
Invok: Bend Time         |       |       |     1 ||     1
  Use: Scroll            |     5 |     6 |     7 ||    18
       Potion            |       |       |     2 ||     2
Armor: Ring mail         |    11 |    47 |   105 ||   163
Dodge: Dodged            |    25 |    61 |   106 ||   192
Block: Other             |    18 |    23 |    33 ||    74
       Reflection        |       |       |     2 ||     2

Table legend: (Time is in decaauts)
 A = Elapsed time spent in this place.
 B = Non-inter-level travel time spent in this place.
 C = Inter-level travel time spent in this place.
 D = Time resting spent in this place.
 E = Time spent auto-exploring this place.
 F = Levels seen in this place.
 G = Mean time per level.
                   A        B        C        D        E       F      G
               +--------+--------+--------+--------+--------+-----+--------+
         Total |   8024 |   7662 |    362 |   2287 |   3959 |   8 | 1003.0 |
       Dungeon |   7555 |   7268 |    287 |   2287 |   3590 |   7 | 1079.3 |
        Temple |    468 |    394 |     74 |      0 |    369 |   1 |  468.0 |
               +--------+--------+--------+--------+--------+-----+--------+

Top non-repeatable levels by time:
     D:4: 2053 daAuts
     D:3: 1343 daAuts
     D:5: 1300 daAuts
     D:6: 1042 daAuts
     D:2: 734 daAuts
     D:1: 558 daAuts
     D:7: 523 daAuts
  Temple: 468 daAuts
